cohdb
Replays
Latest Replays
All Replays
Popular Replays
Top Player Replays
Match Explorer
How It Works
Community
CoH3 Stats
Reddit
Sign in to upload your games and track your stats! →
Sign in with Steam
Match 42090895
Unlisted
Match 42090895
Overview
Messages
Build Orders
End
Panzergrenadier Squad
Selects Italian Infantry
Panzergrenadier Squad
250 Light Carrier
Construct Light Support Kompanie
Panzerjäger Squad
Fire Support Elements
Combat Half-tracks
2.5-tonne Medical Truck
Selects Defensive Operations
Vehicle Survival Package
Pak 38 Mechanized Group
Construct Panzerarmee Kommand
Walking Stuka Rocket Launcher
Selects Guastatori Squad
Guastatori Squad
Pak 38 Mechanized Group
Armored Reserves
Guastatori Squad
Selects Prepared Positions
Selects Obice 305mm Barrage
Tiger Heavy Tank
Obice 305mm Barrage
Selects Registered Artillery
Selects Towed Cannone da 105/28 Field Howitzer
Obice 305mm Barrage
Emergency Repair Kits
Registered Artillery
UH|dun! ツ
UH|ck
iceman
Retzbocher Klaus
gorcky17
jota barba 7
0
0
Comments
sign in to comment!
No comments posted yet!